 Dungeon Crawl Stone Soup version 0.30-a0-913-g9934a0ce24 (webtiles) character file.

Game seed: 9213296915265595732

146 selver the Shooter (level 5, -4/42 HPs)
             Began as a Minotaur Hunter on Mar 20, 2023.
             Slain by a gnoll
             ... wielding a +0 flail
              (8 damage)
             ... on level 3 of the Dungeon.
             The game lasted 00:05:37 (2313 turns).

selver the Shooter (Minotaur Hunter)                Turns: 2313, Time: 00:05:38

Health: -4/42      AC:  4    Str: 13    XL:     5   Next: 7%
Magic:  4/4        EV: 12    Int:  6    God:
Gold:   101        SH:  0    Dex: 16    Spells: 4/4 levels left

rFire   + . .      SeeInvis .    a - +0 shortbow
rCold   . . .      Faith    .    (shield currently unavailable)
rNeg    . . .      Spirit   .    c - +0 leather armour
rPois   .          Reflect  .    (helmet restricted)
rElec   .          Rampage  .    (no cloak)
rCorr   .                        (no gloves)
Will    .....                    (no boots)
Stlth   ++                       (no amulet)
HPRegen 0.27/turn                m - ring of protection from fire
MPRegen 0.09/turn                (no ring)

@: on berserk cooldown, hasted and slowed
A: horns 2, retaliatory headbutt, shaggy fur 1, weak 1, sturdy frame 1
a: no special abilities


You were on level 3 of the Dungeon.
You visited 1 branch of the dungeon, and saw 3 of its levels.

You collected 101 gold pieces.

Inventory:

Hand Weapons
 a - a +0 shortbow (weapon)
Armour
 c - a +0 leather armour (worn)
 d - a +0 plate armour
Jewellery
 m - a ring of protection from fire (left hand)
Scrolls
 b - a scroll of immolation
 f - a scroll of teleportation {unknown}
 h - 2 scrolls of identify {unknown}
 j - a scroll of fear {unknown}
 o - a scroll of amnesia {unknown}
 p - 2 scrolls of fog {unknown}
 r - a scroll of vulnerability {unknown}
Potions
 k - a potion of brilliance {unknown}
 l - a potion of flight {unknown}
 q - a potion of lignification {unknown}


   Skills:
 - Level 2.4 Fighting
 + Level 7.0 Ranged Weapons
 - Level 2.1 Dodging
 - Level 0.7 Stealth


You had 4 spell levels left.
You didn't know any spells.
Your spell library was empty.

Dungeon Overview and Level Annotations

Branches:
Dungeon (3/15)

Altars:

Shops:
D:1 ?


Innate Abilities, Weirdness & Mutations

You have a pair of horns on your head.
You reflexively headbutt those who attack you in melee.
You are covered in fur. (AC +1)
You are weak. (Str -2)
Your movements are slightly less encumbered by armour. (ER -2)


Message History

Okay, then.
The gnoll attacks as you move away! The gnoll hits you with a +0 flail.
It was a potion of mutation.
You feel extremely strange.
You feel weaker. Fur sprouts all over your body.
You feel less encumbered by your armour.
The gnoll barely misses you. The gnoll closely misses you.
It was a potion of berserk rage.
A red film seems to cover your vision as you go berserk!
You feel yourself moving faster!
You feel mighty! The gnoll closely misses you.
You feel a strong urge to attack something.
You see here a +0 club.
You feel your anger nearly subside.
You are no longer berserk.
You are exhausted.
You feel yourself slow down. The gnoll hits you with a +0 flail!
The gnoll attacks as you move away! The gnoll closely misses you.
It was a potion of haste.
You feel yourself speed up. The gnoll misses you. The gnoll barely misses you.
The gnoll hits you from afar with a +0 spear.
The gnoll closely misses you. You furiously retaliate!
You headbutt the gnoll! The hobgoblin closely misses you.
There is an open door here.
The hobgoblin attacks as you move away! The hobgoblin hits you with a +0 club.
The gnoll attacks as you move away! The gnoll barely misses you.
The gnoll attacks as you move away! The gnoll barely misses you.
The gnoll attacks as you move away! The gnoll hits you with a +0 flail.
There is a large open door here.
The gnoll attacks as you move away! The gnoll hits you with a +0 flail.
You see here a +0 spear.
The gnoll attacks as you move away! The gnoll hits you with a +0 flail!
* * * LOW HITPOINT WARNING * * *
Things that are here:
a +0 sling; a quokka skeleton It was a potion of magic.
Magic courses through your body. The gnoll hits you with a +0 flail.
* * * LOW HITPOINT WARNING * * *
The gnoll hits you but does no damage. The gnoll attacks as you move away!
The gnoll hits you with a +0 flail!
You die...

##############')#################
≈≈≈≈≈≈≈≈≈≈≈~~..g..~≈≈≈≈≈≈≈≈≈≈≈≈≈≈
≈~≈≈≈≈≈≈≈~~~~...K.~~≈≈≈≈≈≈≈≈≈≈~≈≈
~~~~~~~~~~~~~...g~~≈~~~~~≈~~~~~≈~
....~...~~..~.)..~~..~..~~~..~.~~
...............g)................
................gg...............
................g................
....############@##...........###
....# #)#######.###### ...># #.#
#..# ....###### #.## ##.#
.........## #..### #.#
....####..#######...# #.#
.....####......####.#####.#
.......#######............##
....##...##########).###...#####


You could see 3 gnolls, 3 hobgoblins and a kobold.

Vanquished Creatures
  A gnoll (D:3)
  2 adders (D:3)
  5 worms
  9 orcs (D:3)
  6 endoplasms
  3 giant cockroaches
  13 goblins
  15 hobgoblins
  3 jackals (D:1)
  8 kobolds
  5 quokkas
  A ball python (D:3)
  6 bats
  4 frilled lizards
  6 rats
87 creatures vanquished.

Notes
Turn   | Place    | Note
-------+----------+-------------------------------------------
     0 | D:1      | selver the Minotaur Hunter began the quest for the Orb.
     0 | D:1      | Reached XP level 1. HP: 18/18 MP: 0/0
    43 | D:1      | Found Zemuor's Magic Scroll Emporium.
    71 | D:1      | Reached XP level 2. HP: 21/25 MP: 1/1
    94 | D:1      | Reached skill level 5 in Ranged Weapons
   298 | D:1      | You fall into a shaft and drop 1 floor!
   339 | D:1      | Found a faded altar of an unknown god.
   501 | D:1      | Reached XP level 3. HP: 30/30 MP: 2/2
  1341 | D:2      | Reached skill level 6 in Ranged Weapons
  1638 | D:3      | Reached XP level 4. HP: 37/37 MP: 3/3
  2201 | D:3      | Reached skill level 7 in Ranged Weapons
  2201 | D:3      | Reached XP level 5. HP: 42/42 MP: 4/4
  2283 | D:3      | Gained mutation: You are weak. (Str -2) [potion of
                  | mutation]
  2283 | D:3      | Gained mutation: You are covered in fur. (AC +1) [potion of
                  | mutation]
  2283 | D:3      | Gained mutation: Your movements are slightly less
                  | encumbered by armour. (ER -2) [potion of mutation]
  2313 | D:3      | Slain by a gnoll

Illustrated notes

Levels and vault maps discovered:
D:1:      amcnicky_arrival_gap_in_the_tavern_cellar, layout_basic,
          hellmonk_ecumenical_altar_arch_garden, serial_shops,
          nicolae_shop_stone
D:2:      layout_basic
D:3:      minmay_goblin_kobold_castle, layout_rooms

Skill      XL: |  1  2  3  4 |
---------------+-------------+-----
Ranged Weapons | 5 6 7 |  7.0
Fighting       | |  2.4
Dodging        | |  2.1
Stealth        | |  0.7

Action                     |  1- 3 |  4- 6 || total
---------------------------+-------+-------++-------
   Fire: Shortbow          |   157 |    90 ||   247
    Use: Potion            |       |     6 ||     6
 Armour: Leather armour    |    13 |    10 ||    23
  Dodge: Dodged            |    31 |    49 ||    80

Table legend: (Time is in decaauts)
 A = Elapsed time spent in this place.
 B = Non-inter-level travel time spent in this place.
 C = Inter-level travel time spent in this place.
 D = Time resting spent in this place.
 E = Time spent auto-exploring this place.
 F = Levels seen in this place.
 G = Mean time per level.
                   A        B        C        D        E       F      G
               +--------+--------+--------+--------+--------+-----+--------+
         Total |   2374 |   2301 |     73 |    241 |   1504 |   3 |  791.3 |
       Dungeon |   2374 |   2301 |     73 |    241 |   1504 |   3 |  791.3 |
               +--------+--------+--------+--------+--------+-----+--------+

Top non-repeatable levels by time:
     D:3: 854 daAuts
     D:2: 841 daAuts
     D:1: 678 daAuts
